 Dungeon Crawl Stone Soup version 0.26-a0-317-ge2f3d4a7ca (webtiles) character file.

Game seed: 4222679067206351912

13650 Infinimo the Carver (level 11, -1/133 HPs)
             Began as a Demonspawn Berserker on July 16, 2020.
             Was a High Priest of Trog.
             Slain by a 12-headed hydra (8 damage)
             ... on level 11 of the Dungeon.
             The game lasted 00:11:40 (12483 turns).

Infinimo the Carver (Demonspawn Berserker)         Turns: 12483, Time: 00:11:41

Health: -1/133     AC: 17    Str: 20    XL:     11   Next: 78%
Magic:  0/3        EV: 10    Int: 15    God:    Trog [*****.]
Gold:   721        SH:  5    Dex: 13    Spells: 10/10 levels left

rFire    + . .     SeeInvis +   o - +4 great sword (antimagic)
rCold    . . .     Faith    .   (shield currently unavailable)
rNeg     + . .     Spirit   +   h - +0 plate armour
rPois    .         Reflect  +   (helmet restricted)
rElec    .         Harm     .   F - +0 cloak
rCorr    .                      (no gloves)
MR       .....                  (no boots)
Stlth    ..........             p - amulet of reflection
HPRegen  0.32/turn              i - +6 ring of intelligence
MPRegen  0.16/turn              z - ring of Hiapnupn {rF+ rN+ SInv}

@: berserking, very quick
A: antennae 1, iridescent scales 1, spiny 1, magic shield, magic regeneration
a: Berserk, Trog's Hand, Brothers in Arms, Renounce Religion


You were on level 11 of the Dungeon.
You worshipped Trog.
Trog was extremely pleased with you.
You visited 1 branch of the dungeon, and saw 11 of its levels.

You collected 817 gold pieces.
You spent 96 gold pieces at shops.

Inventory:

Hand Weapons
 o - a +4 antimagic great sword (weapon)
 w - a +2 scimitar of flaming
Armour
 h - a +0 plate armour (worn)
 F - a +0 cloak (worn)
Jewellery
 i - a +6 ring of intelligence (left hand)
 p - an amulet of reflection (around neck)
 x - a +6 ring of strength {unknown}
 z - the ring of Hiapnupn (right hand) {rF+ rN+ SInv}
   (You found it on level 8 of the Dungeon)

   [ring of see invisible]

   It protects you from fire.
   It protects you from negative energy.
   It lets you see invisible.
 C - an uncursed ring of positive energy {unknown}
 E - an uncursed amulet of magic regeneration {unknown}
Wands
 k - a wand of iceblast (9)
 l - a wand of clouds (5)
 t - a wand of digging (5)
Scrolls
 a - 2 scrolls of teleportation
 g - a scroll of fear {unknown}
 r - 10 scrolls of identify
 u - 2 scrolls of enchant armour
 v - 5 scrolls of remove curse {unknown}
 y - a scroll of fog {unknown}
 B - a scroll of enchant weapon
Potions
 b - 7 potions of brilliance
 c - a potion of stabbing
 d - 3 potions of heal wounds
 e - 4 potions of curing
 f - 3 potions of haste
 j - 2 potions of lignification
 m - a potion of ambrosia {unknown}
 n - a potion of invisibility {unknown}
 q - a potion of cancellation {unknown}
 s - a potion of berserk rage {unknown}
 A - a potion of magic {unknown}
 D - a potion of flight {unknown}


   Skills:
 + Level 9.2 Fighting
 * Level 11.3 Long Blades
 + Level 8.2 Armour
 + Level 8.1 Dodging


You had 10 spell levels left.
You didn't know any spells.
Your spell library was empty.

Dungeon Overview and Level Annotations

Branches:
Dungeon (11/15)            Temple (0/1) D:5            Lair (0/6) D:10
    Orc (0/2) D:10

Altars:
Fedhas
Qazlal
Ru
Vehumet
Wu Jian
Beogh

Shops:
D:4 (   D:8 :


Innate Abilities, Weirdness & Mutations

You have a pair of small antennae on your head.
You are partially covered in iridescent scales. (AC +2)
You are partially covered in sharp spines.
When hurt, damage is shared between your health and your magic reserves.
You regenerate magic rapidly.


Message History

The nine-headed hydra bites you!
You hack one of the nine-headed hydra's heads off!
The eight-headed hydra grows two more!
The ten-headed hydra is severely wounded.
You slice one of the ten-headed hydra's heads off!
The nine-headed hydra grows two more!
The 11-headed hydra is severely wounded.
The 11-headed hydra bites you!
* * * LOW HITPOINT WARNING * * *
You block the 11-headed hydra's attack. x2; The 11-headed hydra bites you!
* * * LOW HITPOINT WARNING * * *
The 11-headed hydra bites you!
* * * LOW HITPOINT WARNING * * *
You chop one of the 11-headed hydra's heads off!
The ten-headed hydra grows two more!
The 12-headed hydra is almost dead.
The 12-headed hydra bites you!
* * * LOW HITPOINT WARNING * * *
The 12-headed hydra bites you!
You die...

##.....###+##.#
########............. .
...............>..... ..
....#####....##...#.# ... .
#.#####...#.# .... #..#
#...#.# ..... ##(# #......
......###########.## #..##.#
.........OD@.....(.###..##.#
......######................
..### ###.#.#..##..###.
#.#.#).##..# #. #.#.#...#..#
#. #.#[#.#.#..###.
#.............(
#.#.#.#.#..#.#.
#.#.#.#(#..#.#.


You could see a 12-headed hydra and a two-headed ogre.

Vanquished Creatures
  3 two-headed ogres
  Harold (D:7)
  A queen ant (D:8)
  An unseen horror (D:11)
  2 orc knights (D:10)
  A centaur zombie (D:9)
  2 centaur skeletons (D:11)
  A troll (D:8)
  Prince Ribbit (D:9)
  A hornet (D:10)
  A hippogriff (D:5)
  A wyvern (D:11)
  3 yaks (D:10)
  Menkaure (D:5)
  A soldier ant (D:8)
  A water moccasin (D:10)
  A hornet zombie (D:8)
  3 ice beasts
  3 sky beasts
  9 orc warriors
  5 centaurs
  11 ogres
  2 big kobolds
  A crocodile (D:10)
  5 bullfrogs
  3 scorpions
  6 killer bees (D:9)
  8 wights
  6 howler monkeys
  3 quasits
  4 jellies
  A gnoll shaman (D:4)
  12 orc priests
  4 hounds
  2 bullfrog skeletons (D:8)
  4 iguanas
  6 orc wizards
  29 worker ants
  A killer bee zombie (D:8)
  A howler monkey zombie (D:8)
  2 worker ant zombies (D:10)
  8 gnolls
  6 adders
  4 shadow imps
  2 white imps
  2 ufetubi
  An ooze (D:4)
  2 adder skeletons
  2 worms
  2 dart slugs
  5 leopard geckos
  46 orcs
  5 ball pythons
  11 giant cockroaches
  10 hobgoblins
  17 jackals
  5 quokkas
  5 bats
  9 frilled lizards
  9 goblins
  22 kobolds
  A leopard gecko skeleton (D:3)
  2 rats
330 creatures vanquished.

Notes
Turn   | Place    | Note
-------+----------+-------------------------------------------
     0 | D:1      | Infinimo the Demonspawn Berserker began the quest for the
                  | Orb.
     0 | D:1      | Reached XP level 1. HP: 18/18 MP: 1/1
   299 | D:1      | Gained mutation: When hurt, damage is shared between your
                  | health and your magic reserves. [demonic ancestry]
   299 | D:1      | Reached XP level 2. HP: 24/24 MP: 2/2
   303 | D:1      | Reached skill level 3 in Long Blades
   776 | D:1      | Gained mutation: You regenerate magic rapidly. [demonic
                  | ancestry]
   776 | D:1      | Reached XP level 3. HP: 20/29 MP: 1/3
   901 | D:1      | Reached ** piety under Trog
  2005 | D:3      | Found a sacrificial altar of Ru.
  2028 | D:3      | Reached XP level 4. HP: 35/35 MP: 4/4
  2379 | D:3      | Reached *** piety under Trog
  2384 | D:3      | Gained mutation: You have a pair of small antennae on your
                  | head. [demonic ancestry]
  2384 | D:3      | Reached XP level 5. HP: 42/42 MP: 5/5
  2707 | D:4      | Noticed an ogre
  2716 | D:4      | Killed an ogre
  2716 | D:4      | Reached skill level 4 in Long Blades
  2976 | D:4      | Gained mutation: You are partially covered in sharp spines.
                  | [demonic ancestry]
  2976 | D:4      | Reached XP level 6. HP: 35/48 MP: 2/6
  3117 | D:4      | Found Ufese's Antique Weapon Emporium.
  3300 | D:4      | Bought a runed falchion for 96 gold pieces
  3817 | D:4      | Reached skill level 5 in Long Blades
  3852 | D:5      | Entered Level 5 of the Dungeon
  3862 | D:5      | Reached XP level 7. HP: 28/55 MP: 3/7
  4268 | D:5      | Found a staircase to the Ecumenical Temple.
  4268 | D:5      | Noticed Menkaure
  4275 | D:5      | Killed Menkaure
  4666 | D:5      | Reached skill level 5 in Fighting
  4666 | D:5      | Reached skill level 6 in Long Blades
  4666 | D:5      | Gained mutation: You are partially covered in iridescent
                  | scales. (AC +2) [demonic ancestry]
  4666 | D:5      | Reached XP level 8. HP: 62/62 MP: 8/8
  4750 | D:5      | Noticed a hippogriff
  4756 | D:5      | Killed a hippogriff
  5221 | D:6      | Reached **** piety under Trog
  5375 | D:6      | Found a blossoming altar of Fedhas.
  5547 | D:6      | Found a radiant altar of Vehumet.
  5620 | D:6      | Reached skill level 7 in Long Blades
  5788 | D:6      | Reached skill level 5 in Armour
  5983 | D:6      | Reached skill level 5 in Dodging
  5998 | D:6      | Reached XP level 9. HP: 69/69 MP: 9/9
  6240 | D:7      | Noticed Harold
  6261 | D:7      | Killed Harold
  6261 | D:7      | Reached skill level 8 in Long Blades
  6918 | D:7      | Reached ***** piety under Trog
  7149 | D:7      | Found an ornate altar of the Wu Jian Council.
  7366 | D:8      | Got a warped golden ring
  7390 | D:8      | Identified the ring of Hiapnupn {rF+ rN+ SInv} (You found
                  | it on level 8 of the Dungeon)
  7408 | D:8      | Found Ziqedifo's Book Emporium.
  7491 | D:8      | Noticed a troll
  7497 | D:8      | Killed a troll
  7689 | D:8      | Noticed a queen ant
  7702 | D:8      | Received a gift from Trog
  7706 | D:8      | Killed a queen ant
  7706 | D:8      | Reached skill level 9 in Long Blades
  7706 | D:8      | Reached XP level 10. HP: 76/79 MP: 8/10
  9185 | D:9      | Noticed Prince Ribbit
  9190 | D:9      | Found a stormy altar of Qazlal.
  9216 | D:9      | Killed Prince Ribbit
  9576 | D:9      | Reached skill level 10 in Long Blades
  9800 | D:9      | Received a gift from Trog
 10173 | D:10     | Entered Level 10 of the Dungeon
 10188 | D:10     | Reached XP level 11. HP: 75/86 MP: 3/11
 10351 | D:10     | Found a staircase to the Lair.
 10454 | D:10     | Noticed a two-headed ogre
 10463 | D:10     | Killed a two-headed ogre
 10748 | D:10     | Found a roughly hewn altar of Beogh.
 10748 | D:10     | Found a staircase to the Orcish Mines.
 10749 | D:10     | Noticed an orc knight
 10750 | D:10     | Noticed an orc knight
 10771 | D:10     | Killed an orc knight
 11184 | D:10     | Killed an orc knight
 11636 | D:11     | Noticed an unseen horror
 11640 | D:11     | Killed an unseen horror
 11640 | D:11     | Reached skill level 11 in Long Blades
 11712 | D:11     | Noticed a two-headed ogre
 11720 | D:11     | Killed a two-headed ogre
 11744 | D:11     | Noticed a six-headed hydra
 11758 | D:11     | HP: 2/89 [seven-headed hydra (7)]
 11799 | D:11     | Noticed a two-headed ogre
 12128 | D:11     | Killed a two-headed ogre
 12472 | D:11     | Noticed a two-headed ogre
 12483 | D:11     | Slain by a 12-headed hydra

Illustrated notes

Levels and vault maps discovered:
D:1:      ncdulo_smallfort, layout_loops_ring
D:2:      layout_basic
D:3:      layout_loops_corners, nicolae_ru_great_annihilating_truth
D:4:      layout_rooms, serial_shops, shop, hangedman_decor_push,
          hangedman_minor_gate_pass
D:5:      layout_loops_cross, minmay_temple_entry_offerings, uniq_menkaure
D:6:      layout_basic, kennysheep_mini_moat, nicolae_overflow_crystal_walls
D:7:      layout_loops_cross, basic_altar, hangedman_decor_clover_reticule,
          minmay_misc_feat_cross, uniq_harold
D:8:      layout_loops_corners, serial_shops, shop, minmay_another_anthill
D:9:      layout_basic, st_stairs_11, nicolae_qazlal_general_emergency,
          uniq_prince_ribbit1
D:10:     layout_basic, lair_entry_dummy, david_orc_5
D:11:     layout_basic, basic_altar

Skill      XL: |  1  2  3  4  5  6  7  8  9 10 11 |
---------------+----------------------------------+-----
Long Blades    | 3 4 5 6 7 9 10 11 | 11.3
Armour         | 2 3 4 5 6 7 8 |  8.2
Dodging        | 2 3 4 5 6 7 8 |  8.1
Fighting       | 4 5 6 7 8 9 |  9.2

Action                   |  1- 3 |  4- 6 |  7- 9 | 10-12 || total
-------------------------+-------+-------+-------+-------++-------
Melee: Falchion          |   188 |   200 |   182 |       ||   570
       Scimitar          |       |       |   112 |    24 ||   136
       Great sword       |       |       |       |   312 ||   312
Invok: Berserk           |     1 |     6 |     9 |     7 ||    23
  Use: Scroll            |     9 |     3 |       |     2 ||    14
       Potion            |       |       |       |     2 ||     2
Armor: Animal skin       |    37 |       |       |       ||    37
       Plate armour      |    15 |   118 |   120 |   176 ||   429
       Scale mail        |     4 |       |       |       ||     4
Dodge: Dodged            |   118 |    70 |    93 |   135 ||   416
Block: Other             |       |       |    10 |    99 ||   109
       Reflection        |       |       |     2 |     5 ||     7
       Rpst.: Falchion   |    39 |    19 |    12 |       ||    70
       Scimitar          |       |       |    12 |       ||    12
       Great sword       |       |       |       |    38 ||    38

Table legend:
 A = Non-vault XP
 B = Vault XP
 C = Vault XP percentage of total XP
 D = Non-vault monster count
 E = Vault monster count
 F = Vault count percentage of total count
                 A         B        C        D         E       F
            +---------+---------+-------+---------+---------+-------
      Total |   14374 |    5127 |  26.3 |     272 |      58 |  17.6
            +---------+---------+-------+---------+---------+-------
        D:1 |      50 |       0 |   0.0 |      28 |       0 |   0.0
        D:2 |      20 |       0 |   0.0 |      12 |       0 |   0.0
        D:3 |     103 |      40 |  28.0 |      27 |       4 |  12.9
        D:4 |     446 |      42 |   8.6 |      19 |       5 |  20.8
        D:5 |     892 |     165 |  15.6 |      12 |       1 |   7.7
        D:6 |    1142 |       0 |   0.0 |      31 |       0 |   0.0
        D:7 |     788 |     944 |  54.5 |      29 |       1 |   3.3
        D:8 |    1801 |    1647 |  47.8 |      34 |      19 |  35.8
        D:9 |    2086 |     427 |  17.0 |      38 |       4 |   9.5
       D:10 |    3275 |    1862 |  36.2 |      31 |      24 |  43.6
       D:11 |    3771 |       0 |   0.0 |      11 |       0 |   0.0
            +---------+---------+-------+---------+---------+-------
